cohdb
Replays
Latest Replays
All Replays
Popular Replays
Top Player Replays
Match Explorer
How It Works
Community
CoH3 Stats
Reddit
Sign in to upload your games and track your stats! →
Sign in with Steam
Match 41104540
Unlisted
Match 41104540
Overview
Messages
Build Orders
End
Construct Infanterie Kompanie
Pioneer Squad
Selects Terror Battlegroup
Selects Machine Gun Camouflage
MG 42 Machine Gun Team
MG 42 Machine Gun Team
GrW 34 Mortar Team
Construct Luftwaffe Kompanie
Luftwaffe Officer Quarters
Jäger Squad
Jäger Squad
Medical Station
Support Elements
Jäger Squad
Wirbelwind Flakpanzer
Jäger Squad
Selects Contempt for the Weak
Selects Jericho Trumpet
Selects No Quarter
Infanterie Officer Quarters
Side Skirts
Construct Panzer Kompanie
Selects Contempt for the Weak
Selects Jericho Trumpet
Panzer Officer Quarters
Panzer IV Medium Tank
Panzer IV Medium Tank
Repair Bunker
Selects V1 Rocket Strike
V1 Rocket Strike
Panzer IV Medium Tank
Jäger Squad
V1 Rocket Strike
Jericho Trumpet
Selects King Tiger Heavy Tank
Jäger Squad
King Tiger Heavy Tank
Beck
Der Ventilator
ilya_anatoli4
73TBN_OPR2
[HAN]Diederick Kastner
Fredwick
WHO IS YOUR DADDY?
wailpsn
0
0
Comments
sign in to comment!
No comments posted yet!